 Dungeon Crawl Stone Soup version 0.31.0-11-ge490571c62 (webtiles) character file.

Game seed: 18029079709904864141

522 Buffagor the Changeling (level 7, -1/62 HPs)
             Began as a Naga Shapeshifter on Jan 27, 2024.
             Slain by a sleepcap (3 damage)
             ... on level 5 of the Dungeon.
             The game lasted 00:12:30 (3869 turns).

Buffagor the Changeling (Naga Shapeshifter)         Turns: 3869, Time: 00:12:30

Health: -1/62      AC:  3    Str: 17    XL:     7   Next: 22%
Magic:  7/7        EV: 10    Int: 12    God:
Gold:   165        SH:  0    Dex: 10    Spells: 6/6 levels left

rFire   . .          .
                       - Unarmed
rCold   . . .        (no shield)
rNeg    . . .        q - +0 animal skin
rPois   +            (helmet currently unavailable)
rElec   .            (cloak currently unavailable)
rCorr   .            (gloves currently unavailable)
SInv    +            (no barding)
Will    .....        (no amulet)
Stlth   +            (no ring)
HPRegen 0.30/turn    (no ring)
MPRegen 0.10/turn

%: no passive effects
@: beast-form, very slow
A: beast (slay +2), AC +2, large, see invisible, deformed body, poison
resistance, slowness 2, spit poison 1, naga tail 1
a: Spit Poison, Begin Untransformation


You were on level 5 of the Dungeon.
You were a hulking beast.
You visited 1 branch of the dungeon, and saw 5 of its levels.

You collected 165 gold pieces.

Inventory:

Hand Weapons
 a - a +2 sling of flaming
Missiles
 g - a throwing net
Armour
 f - a +2 helmet
 n - a scarf of repulsion
 q - a +0 animal skin (worn)
 r - a +2 helmet
Jewellery
 w - a ring of ice
Talismans
 c - a beast talisman (active)
 d - a flux talisman
 j - a blade talisman
Scrolls
 b - a scroll of noise {unknown}
 e - 2 scrolls of fog {unknown}
 i - 3 scrolls of poison {unknown}
 m - a scroll of amnesia {unknown}
 o - a scroll of enchant armour {unknown}
 p - a scroll of silence {unknown}
 s - 2 scrolls of fear {unknown}
 t - 2 scrolls of immolation {unknown}
 x - 2 scrolls of identify {unknown}
Potions
 h - a potion of invisibility {unknown}
 k - 2 potions of curing {unknown}
 l - a potion of ambrosia {unknown}
 u - 2 potions of heal wounds {unknown}
 v - a potion of resistance {unknown}


   Skills:
 + Level 3.2 Fighting
 + Level 3.1 Dodging
 + Level 4.4 Unarmed Combat
 * Level 5.2 Shapeshifting


You had 6 spell levels left.
You didn't know any spells.
Your spell library contained the following spells:

 Spells                   Type           Power      Damage    Failure   Level
 Apportation              Tloc           0%         N/A       32%         1
 Necrotise                Necr           0%         1d4       32%         1
 Sting                    Conj/Alch      0%         1d3       32%         1
 Summon Small Mammal      Summ           0%         N/A       32%         1
 Volatile Blastmotes      Fire/Tloc      0%         2d10      69%         3
 Fulminant Prism          Conj/Alch      0%         3d5       97%         4
 Iskenderun's Mystic Bla  Conj/Tloc      0%         2d3       97%         4


Dungeon Overview and Level Annotations

Branches:
Dungeon (5/15)
 Temple: D:4-7

Altars:
Dithmenos
Fedhas
Gozag
Makhleb
Qazlal
Sif Muna
Trog
Uskayaw
Xom
Yredelemnul
Zin

Annotations:
D:4 3 runed translucent doors, FilipinaBountyHunter's ghost, amateur HuHu; Thrivaldi's ghost, novice TrFi; mainiacjoe's ghost, novice DERe


Innate Abilities, Weirdness & Mutations

You are a hulking beast.
Your limbs bulge with bestial killing power. (Slay +2)
Your serpentine skin is tough. (AC +2)
You have supernaturally acute eyesight. (SInv)
Armour fits poorly on your strangely shaped body.
Your system is resistant to poisons. (rPois)
You cover ground very slowly.
You can spit poison.
You have a snake-like lower body.


Message History

You hit the ice beast but do no damage.
The ice beast is severely wounded.
The sleepcap closely misses you. The ice beast barely misses you.
You hit the ice beast.
The ice beast is almost dead.
The sleepcap releases spores at you!
You are engulfed in a cloud of soporific spores!
You fall asleep.
The ice beast hits you.
You wake up.
The ice beast freezes you!
You barely miss the ice beast.
The ice beast is almost dead.
The sleepcap releases spores at you. The ice beast hits you.
The ice beast freezes you.
You hit the ice beast.
You kill the ice beast!
The sleepcap barely misses you.
You hit the sleepcap but do no damage. The sleepcap releases spores at you.
You hit the sleepcap.
The sleepcap is lightly damaged.
You hit the sleepcap but do no damage.
The sleepcap is lightly damaged.
The sleepcap closely misses you.
You hit the sleepcap.
The sleepcap is moderately damaged.
The sleepcap releases spores at you.
* * * LOW HITPOINT WARNING * * *
You are engulfed in a cloud of soporific spores!
You fall asleep.
The sleepcap releases spores at you!
You wake up.
* * * LOW HITPOINT WARNING * * *
You punch the sleepcap!
The sleepcap is severely damaged.
The sleepcap releases spores at you.
* * * LOW HITPOINT WARNING * * *
You are engulfed in a cloud of soporific spores!
You are unaffected.
You hit the sleepcap.
The sleepcap is almost destroyed.
The sleepcap releases spores at you.
You die...

#####.#############
#...#.#..).<..[....
#...#.#.###.#######
#.....#.# #.....#
#.....#.# ####.##
#.....#.## #.#
#........# ###
#.....h.##
#....f.## #.....##
#....# #...# #..#
#.. #.


You could see a sleepcap.

Vanquished Creatures
  Eustachio (D:4)
  An ice beast (D:5)
  A scorpion (D:5)
  2 hounds (D:4)
  A bombardier beetle (D:4)
  A jelly (D:4)
  2 adders
  An adder zombie (D:2)
  2 ribbon worms
  2 dart slugs
  4 orcs (D:3)
  A bat skeleton (D:2)
  2 endoplasms
  5 giant cockroaches
  6 goblins
  10 hobgoblins
  6 quokkas
  6 ball pythons
  2 ball python zombies (D:2)
  A bat (D:3)
  4 frilled lizards
  7 kobolds
  A quokka skeleton (D:2)
  4 rats
73 creatures vanquished.

Notes
Turn   | Place    | Note
-------+----------+-------------------------------------------
     0 | D:1      | Buffagor the Naga Shapeshifter began the quest for the Orb.
     0 | D:1      | Reached XP level 1. HP: 18/18 MP: 1/1
    90 | D:1      | Reached XP level 2. HP: 25/25 MP: 2/2
   402 | D:1      | Reached XP level 3. HP: 14/31 MP: 3/3
  1207 | D:2      | Found a faded altar of an unknown god.
  1353 | D:2      | Found an opulent altar of Gozag.
  1867 | D:3      | Reached XP level 4. HP: 36/39 MP: 4/4
  1924 | D:3      | Found a hide-covered altar of Uskayaw.
  1924 | D:3      | Found a shimmering blue altar of Sif Muna.
  1980 | D:3      | Identified the +5 flail of the Doomed Warrior {elec, rF-
                  | rC+ Will+}
  2245 | D:3      | Found a basalt altar of Yredelemnul.
  2249 | D:3      | Found a glowing silver altar of Zin.
  2265 | D:3      | Found a blossoming altar of Fedhas.
  2269 | D:3      | Found a shadowy altar of Dithmenos.
  2271 | D:3      | Found a stormy altar of Qazlal.
  2697 | D:4      | Reached skill level 4 in Shapeshifting
  2697 | D:4      | Reached XP level 5. HP: 45/45 MP: 5/5
  2808 | D:4      | Found a burning altar of Makhleb.
  2878 | D:4      | Found a shimmering altar of Xom.
  2910 | D:4      | Noticed Eustachio
  2928 | D:4      | HP: 2/69 [Eustachio/+0 rapier (4)]
  2929 | D:4      | Killed Eustachio
  2930 | D:4      | Reached XP level 6. HP: 3/55 MP: 6/6
  3174 | D:4      | Found a runed translucent gate.
  3177 | D:4      | Found a runed translucent gate.
  3177 | D:4      | Found a runed translucent gate.
  3180 | D:4      | Noticed mainiacjoe's ghost (novice DERe)
  3180 | D:4      | Noticed FilipinaBountyHunter's ghost (amateur HuHu)
  3180 | D:4      | Noticed Thrivaldi's ghost (novice TrFi)
  3266 | D:4      | Found a bloodstained altar of Trog.
  3635 | D:5      | Entered Level 5 of the Dungeon
  3652 | D:5      | Reached skill level 5 in Shapeshifting
  3652 | D:5      | Reached XP level 7. HP: 20/62 MP: 7/7
  3868 | D:5      | HP: 2/62 [sleepcap (3)]
  3869 | D:5      | Slain by a sleepcap

Illustrated notes

Levels and vault maps discovered:
D:1:      elethiomel_arrival_quiet, layout_basic
D:2:      layout_loops_corners, basic_altar, serial_undead, serial_undead_c,
          serial_undead_d, serial_undead_f, serial_undead_a,
          shapermc_ecumenical_altar_hornbeckon, minmay_tromino_i4
D:3:      layout_loops_cross, minitemple, nicolae_overflow_two_pavilions,
          serial_bayou_lake_a
D:4:      layout_gridville, mainiacjoe_overflow_cross_hatched,
          nicolae_overflow_hidden_temple, makhleb_blood_cavern_becter,
          gammafunk_ghost_cemetery, serial_library_hellmonk_small_corner,
          nicolae_titane, uniq_eustachio
D:5:      kennysheep_steamy, layout_basic, kennysheep_donut,
          minmay_misc_feat_rugged

Skill      XL: |  1  2  3  4  5  6 |
---------------+-------------------+-----
Dodging        | 2 3 |  3.1
Fighting       | 2 3 |  3.2
Shapeshifting  | 4 5 |  5.2
Unarmed Combat | 4 |  4.4

Action                     |  1- 3 |  4- 6 |  7- 9 || total
---------------------------+-------+-------+-------++-------
  Melee: Unarmed           |    82 |    59 |    17 ||   158
         Punch             |     4 |     3 |     1 ||     8
   Fire: Sling             |    18 |    47 |     1 ||    66
Ability: Spit Poison       |    22 |       |       ||    22
    Use: Potion            |       |     1 |       ||     1
 Armour: Animal skin       |    58 |    41 |    16 ||   115
         Skin              |       |     4 |       ||     4
  Dodge: Dodged            |    40 |    31 |     8 ||    79
   Form: Beast             |     1 |       |       ||     1
